| TOP OF THE 1ST |
|
Baltimore Orioles batting - Pitching for New York Yankees : LHP Zach Purvis
|
|
Pitching: LHP Zach Purvis
|
|
|
Batting: RHB Saimei Kudo
|
0-0: Swinging Strike 0-1: Called Strike 0-2: Ball 1-2: Strikes out swinging
|
|
Batting: RHB Marc Peckermark
|
0-0: Foul Ball, location: 2F 0-1: Ball 1-1: Ball 2-1: Fly out, F7 (Flyball, 78XD, EV 91.9 MPH)
|
|
Batting: RHB Kevin Howard
|
0-0: Called Strike 0-1: Foul Ball, location: 2F 0-2: Ball 1-2: Ball 2-2: Foul Ball, location: 2F 2-2: Strikes out swinging
|
| Top of the 1st over - 0 runs, 0 hits, 0 errors, 0 left on base; Baltimore 0 - New York 0 |
| BOTTOM OF THE 1ST |
|
New York Yankees batting - Pitching for Baltimore Orioles : RHP Sean Parks
|
|
Pitching: RHP Sean Parks
|
|
|
Batting: LHB Jason Peck
|
0-0: Ball 1-0: Ground out 5-3 (Groundball, 56, EV 86.9 MPH)
|
|
Batting: RHB C.J. Richerson
|
0-0: Foul Ball, location: 2F 0-1: SOLO HOME RUN (Flyball, 9LD, EV 94.4 MPH), Distance : 354 ft
|
|
Batting: SHB Bartholomeu Chambino
|
0-0: Ball 1-0: Ball 2-0: Swinging Strike 2-1: Called Strike 2-2: Ball 3-2: Strikes out swinging
|
|
Batting: LHB David Bramble
|
0-0: Ball 1-0: Ground out 4-3 (Groundball, 34D, EV 97.5 MPH)
|
| Bottom of the 1st over - 1 run, 1 hit, 0 errors, 0 left on base; Baltimore 0 - New York 1 |
| TOP OF THE 2ND |
|
Baltimore Orioles batting - Pitching for New York Yankees : LHP Zach Purvis
|
|
Batting: RHB Alex Rodriguez Jr.
|
0-0: Called Strike 0-1: Foul Ball, location: 2F 0-2: Foul Ball, location: 2F 0-2: Ball 1-2: Foul Ball, location: 2F 1-2: Ball 2-2: Ground out 4-3 (Groundball, 4, EV 78.1 MPH)
|
|
Batting: RHB Josh Hamilton
|
0-0: Foul Ball, location: 2F 0-1: Ball 1-1: Swinging Strike 1-2: Foul Ball, location: 2F 1-2: SINGLE (Line Drive, 9LS, EV 105.6 MPH)
|
|
Batting: RHB Ruben Garza
|
0-0: Called Strike 0-1: SINGLE (Line Drive, 4M, EV 103.8 MPH) Josh Hamilton to second
|
|
Batting: RHB Jeremy Giesler
|
0-0: Called Strike 0-1: Called Strike 0-2: Foul Ball, location: 2F 0-2: Strikes out looking
|
|
Batting: RHB Randy Johnson Jr.
|
0-0: Fielders Choice at 2nd, 5-4 (Groundball, 56, EV 102.5 MPH)
|
| Top of the 2nd over - 0 runs, 2 hits, 0 errors, 2 left on base; Baltimore 0 - New York 1 |
| BOTTOM OF THE 2ND |
|
New York Yankees batting - Pitching for Baltimore Orioles : RHP Sean Parks
|
|
Batting: LHB Evan Torraville
|
0-0: Ball 1-0: Ball 2-0: Called Strike 2-1: Ball 3-1: Foul Ball, location: 2F 3-2: Foul Ball, location: 2F 3-2: Foul Ball, location: 2F 3-2: Fly out, F9 (Flyball, 9S, EV 89.4 MPH)
|
|
Batting: LHB Jordan de Jesus
|
0-0: Ball 1-0: Swinging Strike 1-1: Ball 2-1: Ball 3-1: Base on Balls
|
|
Batting: SHB Billy Durham
|
0-0: Ball 1-0: Called Strike Jordan de Jesus steals 2nd base (no throw) 1-1: Ball 2-1: Ball 3-1: Ground out 4-3 (Groundball, 4, EV 100.6 MPH) Jordan de Jesus to third
|
|
Batting: LHB Yao-pang Tien
|
0-0: Ball 1-0: Ball 2-0: Ball 3-0: Called Strike 3-1: Base on Balls
|
|
Batting: RHB Kai Bellow
|
0-0: Ball 1-0: Ball 2-0: Fly out, F9 (Line Drive, 9LS, EV 100.0 MPH)
|
| Bottom of the 2nd over - 0 runs, 0 hits, 0 errors, 2 left on base; Baltimore 0 - New York 1 |
| TOP OF THE 3RD |
|
Baltimore Orioles batting - Pitching for New York Yankees : LHP Zach Purvis
|
|
Batting: LHB Bob Melley
|
0-0: Ball 1-0: Fly out, F8 (Flyball, 8LD, EV 103.8 MPH)
|
|
Batting: RHB Saimei Kudo
|
0-0: Called Strike 0-1: Called Strike 0-2: Ball 1-2: Foul Ball, location: 2F 1-2: Strikes out swinging
|
|
Batting: RHB Marc Peckermark
|
0-0: Ball 1-0: Fly out, F3 (Popup, 3, EV 60.6 MPH)
|
| Top of the 3rd over - 0 runs, 0 hits, 0 errors, 0 left on base; Baltimore 0 - New York 1 |
| BOTTOM OF THE 3RD |
|
New York Yankees batting - Pitching for Baltimore Orioles : RHP Sean Parks
|
|
Batting: LHB Jason Peck
|
0-0: Called Strike 0-1: SINGLE (Line Drive, 78M, EV 90.0 MPH)
|
|
Batting: RHB C.J. Richerson
|
0-0: Ball 1-0: Ball 2-0: Called Strike 2-1: Foul Ball, location: 2F 2-2: Strikes out swinging
|
|
Batting: SHB Bartholomeu Chambino
|
0-0: Ball 1-0: Ball 2-0: Foul Ball, location: 2F 2-1: Called Strike 2-2: Fly out, F9 (Flyball, 9LS, EV 88.8 MPH)
|
|
Batting: LHB David Bramble
|
0-0: Ball 1-0: Swinging Strike 1-1: SINGLE (Line Drive, 9S, EV 108.8 MPH) Jason Peck to second
|
|
Batting: LHB Evan Torraville
|
0-0: Ball 1-0: Foul Ball, location: 2F 1-1: Ball 2-1: Fly out, F9 (Flyball, 89S, EV 91.9 MPH)
|
| Bottom of the 3rd over - 0 runs, 2 hits, 0 errors, 2 left on base; Baltimore 0 - New York 1 |
| TOP OF THE 4TH |
|
Baltimore Orioles batting - Pitching for New York Yankees : LHP Zach Purvis
|
|
Batting: RHB Kevin Howard
|
0-0: SINGLE (Groundball, 34D, EV 105.0 MPH)
|
|
Batting: RHB Alex Rodriguez Jr.
|
0-0: SINGLE (Groundball, 56D, EV 95.6 MPH) Kevin Howard to second
|
|
Batting: RHB Josh Hamilton
|
0-0: Ball 1-0: Called Strike 1-1: Foul Ball, location: 2F 1-2: Foul Ball, location: 2F 1-2: Ball 2-2: Fly out, F7 (Flyball, 7LD, EV 95.0 MPH) Runner from 2nd tags up, SAFE at 3rd, no throw by LF
|
|
Batting: RHB Ruben Garza
|
0-0: Ball 1-0: Ball 2-0: Foul Ball, location: 2F 2-1: Grounds into double play, 6-4-3 (Groundball, 6MS, EV 88.1 MPH)
|
| Top of the 4th over - 0 runs, 2 hits, 0 errors, 1 left on base; Baltimore 0 - New York 1 |
| BOTTOM OF THE 4TH |
|
New York Yankees batting - Pitching for Baltimore Orioles : RHP Sean Parks
|
|
Batting: LHB Jordan de Jesus
|
0-0: Called Strike 0-1: Swinging Strike 0-2: Ground out 4-3 (Groundball, 4, EV 85.6 MPH)
|
|
Batting: SHB Billy Durham
|
0-0: Called Strike 0-1: Ball 1-1: Ball 2-1: Ground out 4-3 (Groundball, 4, EV 84.4 MPH)
|
|
Batting: LHB Yao-pang Tien
|
0-0: Called Strike 0-1: Ball 1-1: Fly out, F8 (Line Drive, 8RD, EV 90.0 MPH)
|
| Bottom of the 4th over - 0 runs, 0 hits, 0 errors, 0 left on base; Baltimore 0 - New York 1 |
| TOP OF THE 5TH |
|
Baltimore Orioles batting - Pitching for New York Yankees : LHP Zach Purvis
|
|
Batting: RHB Jeremy Giesler
|
0-0: Ball 1-0: Bunt for hit to 5S - play at first, batter OUT! 5-3
|
|
Batting: RHB Randy Johnson Jr.
|
0-0: Swinging Strike 0-1: Swinging Strike 0-2: Strikes out looking
|
|
Batting: LHB Bob Melley
|
0-0: Foul Ball, location: 2F 0-1: Called Strike 0-2: Foul Ball, location: 2F 0-2: Foul Ball, location: 2F 0-2: Ball 1-2: Ball 2-2: Ball 3-2: Base on Balls
|
|
Batting: RHB Saimei Kudo
|
0-0: Ball 1-0: Ball 2-0: Swinging Strike 2-1: Ball 3-1: Called Strike 3-2: Foul Ball, location: 2F 3-2: Foul Ball, location: 2F 3-2: SINGLE (Line Drive, 56, EV 95.0 MPH) Bob Melley to second Bob Melley to third
|
|
Batting: RHB Marc Peckermark
|
0-0: Called Strike 0-1: Foul Ball, location: 2F 0-2: Ball 1-2: Ball 2-2: Fly out, F9 (Flyball, 9S, EV 81.9 MPH)
|
| Top of the 5th over - 0 runs, 1 hit, 0 errors, 2 left on base; Baltimore 0 - New York 1 |
| BOTTOM OF THE 5TH |
|
New York Yankees batting - Pitching for Baltimore Orioles : RHP Sean Parks
|
|
Batting: RHB Kai Bellow
|
0-0: Ball 1-0: Swinging Strike 1-1: Foul Ball, location: 2F 1-2: Strikes out looking
|
|
Batting: LHB Jason Peck
|
0-0: Called Strike 0-1: Foul Ball, location: 2F 0-2: Strikes out swinging
|
|
Batting: RHB C.J. Richerson
|
0-0: Ground out 6-3 (Groundball, 6MS, EV 90.6 MPH)
|
| Bottom of the 5th over - 0 runs, 0 hits, 0 errors, 0 left on base; Baltimore 0 - New York 1 |
| TOP OF THE 6TH |
|
Baltimore Orioles batting - Pitching for New York Yankees : LHP Zach Purvis
|
|
Pitching: RHP Jose Tavira
|
|
|
Batting: RHB Kevin Howard
|
0-0: Ball 1-0: Foul Ball, location: 2F 1-1: Foul Ball, location: 2F 1-2: Ball 2-2: Ball 3-2: Foul Ball, location: 2F 3-2: Ground out 6-3 (Groundball, 6D, EV 89.4 MPH)
|
|
Batting: RHB Alex Rodriguez Jr.
|
0-0: Called Strike 0-1: Fly out, F8 (Flyball, 8LM, EV 76.9 MPH)
|
|
Batting: RHB Josh Hamilton
|
0-0: Ball 1-0: Ball 2-0: Foul Ball, location: 2F 2-1: Swinging Strike 2-2: DOUBLE (Line Drive, 9D, EV 105.6 MPH)
|
|
Batting: RHB Ruben Garza
|
0-0: Ball 1-0: Foul Ball, location: 2F 1-1: Called Strike 1-2: Foul Ball, location: 2F 1-2: Foul Ball, location: 2F 1-2: Foul Ball, location: 2F 1-2: Ball 2-2: Ball 3-2: Fly out, F7 (Line Drive, 7, EV 90.0 MPH)
|
| Top of the 6th over - 0 runs, 1 hit, 0 errors, 1 left on base; Baltimore 0 - New York 1 |
| BOTTOM OF THE 6TH |
|
New York Yankees batting - Pitching for Baltimore Orioles : RHP Sean Parks
|
|
Batting: SHB Bartholomeu Chambino
|
0-0: Called Strike 0-1: Ball 1-1: Called Strike 1-2: Foul Ball, location: 2F 1-2: Foul Ball, location: 2F 1-2: Foul Ball, location: 2F 1-2: Strikes out swinging
|
|
Batting: LHB David Bramble
|
0-0: Ground out 5-3 (Groundball, 15, EV 87.5 MPH)
|
|
Batting: LHB Evan Torraville
|
0-0: Called Strike 0-1: Swinging Strike 0-2: Foul Ball, location: 2F 0-2: Ball 1-2: SINGLE (Line Drive, 9S, EV 111.2 MPH)
|
|
Batting: LHB Jordan de Jesus
|
0-0: Called Strike 0-1: Foul Ball, location: 2F 0-2: Ball 1-2: Foul Ball, location: 2F 1-2: Fielders Choice at 2nd, 6-4 (Groundball, 6, EV 82.5 MPH)
|
| Bottom of the 6th over - 0 runs, 1 hit, 0 errors, 1 left on base; Baltimore 0 - New York 1 |
| TOP OF THE 7TH |
|
Baltimore Orioles batting - Pitching for New York Yankees : RHP Jose Tavira
|
|
Pitching: RHP Dave Barry
|
|
|
Pinch Hitting: SHB Jason Hayes
|
0-0: Foul Ball, location: 2F 0-1: Ball 1-1: Swinging Strike 1-2: Strikes out swinging
|
|
Batting: RHB Randy Johnson Jr.
|
0-0: Swinging Strike 0-1: Swinging Strike 0-2: Strikes out looking
|
|
Batting: LHB Bob Melley
|
0-0: Foul Ball, location: 2F 0-1: Ball 1-1: Called Strike 1-2: Ball 2-2: SINGLE (Line Drive, 78M, EV 100.6 MPH)
|
|
Batting: RHB Saimei Kudo
|
0-0: Ball 1-0: Foul Ball, location: 2F 1-1: Ground out 4-3 (Groundball, 4, EV 81.2 MPH)
|
| Top of the 7th over - 0 runs, 1 hit, 0 errors, 1 left on base; Baltimore 0 - New York 1 |
| BOTTOM OF THE 7TH |
|
New York Yankees batting - Pitching for Baltimore Orioles : RHP Sean Parks
|
|
Now in RF: Brad Pepin
|
|
|
Batting: SHB Billy Durham
|
0-0: SINGLE (Line Drive, 7LM, EV 103.1 MPH)
|
|
Batting: LHB Yao-pang Tien
|
0-0: Ball 1-0: Swinging Strike 1-1: Swinging Strike 1-2: Ground out U3 (Groundball, 3, EV 96.2 MPH) Billy Durham to second
|
|
Batting: RHB Kai Bellow
|
0-0: Ball 1-0: Called Strike 1-1: Ball 2-1: Fly out, F6 (Popup, 6D, EV 61.2 MPH)
|
|
Batting: LHB Jason Peck
|
0-0: Ball 1-0: Ball 2-0: Ground out U3 (Groundball, 3, EV 91.9 MPH)
|
| Bottom of the 7th over - 0 runs, 1 hit, 0 errors, 1 left on base; Baltimore 0 - New York 1 |
| TOP OF THE 8TH |
|
Baltimore Orioles batting - Pitching for New York Yankees : RHP Dave Barry
|
|
Pitching: RHP Martin Goyer
|
|
|
Batting: RHB Marc Peckermark
|
0-0: Called Strike 0-1: Fly out, F7 (Flyball, 78S, EV 96.9 MPH)
|
|
Batting: RHB Kevin Howard
|
0-0: Called Strike 0-1: Called Strike 0-2: Strikes out swinging
|
|
Batting: RHB Alex Rodriguez Jr.
|
0-0: SOLO HOME RUN (Flyball, 7D, EV 95.6 MPH), Distance : 378 ft
|
|
Batting: RHB Josh Hamilton
|
0-0: Called Strike 0-1: Foul Ball, location: 2F 0-2: Ball 1-2: SINGLE (Line Drive, 9LS, EV 108.1 MPH)
|
|
Batting: RHB Ruben Garza
|
0-0: Ball 1-0: Called Strike 1-1: Ball 2-1: Ball 3-1: Base on Balls Josh Hamilton to second
|
|
Pitching: LHP Nate Ciccarelli
|
|
|
Batting: LHB Brad Pepin
|
0-0: Called Strike 0-1: DOUBLE (Flyball, 78XD, EV 113.1 MPH) Josh Hamilton scores Ruben Garza to third Runner from 3rd tries for Home, SAFE, no throw by LF
|
|
Batting: RHB Randy Johnson Jr.
|
0-0: Called Strike 0-1: Called Strike 0-2: Ball 1-2: Foul Ball, location: 2F 1-2: 2-RUN HOME RUN (Flyball, 7LD, EV 91.9 MPH), Distance : 341 ft
|
|
Batting: LHB Bob Melley
|
0-0: Called Strike 0-1: Swinging Strike 0-2: Foul Ball, location: 2F 0-2: Ball 1-2: Ball 2-2: DOUBLE (Line Drive, 7LS, EV 100.6 MPH)
|
|
Batting: RHB Saimei Kudo
|
0-0: Called Strike 0-1: Foul Ball, location: 2F 0-2: Ball 1-2: Ball 2-2: Ball 3-2: Foul Ball, location: 2F 3-2: Base on Balls
|
|
Batting: RHB Marc Peckermark
|
0-0: Ball 1-0: Swinging Strike 1-1: Called Strike 1-2: Foul Ball, location: 2F 1-2: Foul Ball, location: 2F 1-2: Strikes out looking
|
| Top of the 8th over - 5 runs, 5 hits, 0 errors, 2 left on base; Baltimore 5 - New York 1 |
| BOTTOM OF THE 8TH |
|
New York Yankees batting - Pitching for Baltimore Orioles : RHP Sean Parks
|
|
Pitching: RHP Joon-ho Rhee
|
|
|
Batting: RHB C.J. Richerson
|
0-0: Ball 1-0: SINGLE (Groundball, 56S, EV 70.0 MPH) (infield hit)
|
|
Batting: SHB Bartholomeu Chambino
|
0-0: Grounds into double play, 1-6-3 (Groundball, 34S, EV 71.9 MPH)
|
|
Batting: LHB David Bramble
|
0-0: Called Strike 0-1: Foul Ball, location: 2F 0-2: Foul Ball, location: 2F 0-2: Ball 1-2: Ball 2-2: Ball 3-2: SINGLE (Groundball, 34D, EV 96.9 MPH)
|
|
Batting: LHB Evan Torraville
|
0-0: Ball 1-0: Ball 2-0: Ball 3-0: Called Strike 3-1: Foul Ball, location: 2F 3-2: Base on Balls David Bramble to second
|
|
Batting: LHB Jordan de Jesus
|
0-0: Swinging Strike 0-1: Ground out 3-1 (Groundball, 13, EV 78.8 MPH)
|
| Bottom of the 8th over - 0 runs, 2 hits, 0 errors, 2 left on base; Baltimore 5 - New York 1 |
| TOP OF THE 9TH |
|
Baltimore Orioles batting - Pitching for New York Yankees : LHP Nate Ciccarelli
|
|
Batting: RHB Kevin Howard
|
0-0: Called Strike 0-1: Ground out 6-3 (Groundball, 56, EV 77.5 MPH)
|
|
Batting: RHB Alex Rodriguez Jr.
|
0-0: Ball 1-0: Ball 2-0: Foul Ball, location: 2F 2-1: Ball 3-1: SOLO HOME RUN (Flyball, 8RXD, EV 105.6 MPH), Distance : 419 ft
|
|
Batting: RHB Josh Hamilton
|
0-0: Ball 1-0: Ball 2-0: Ball 3-0: Base on Balls
|
|
Batting: RHB Ruben Garza
|
0-0: Ball 1-0: Ground out 5-3 (Groundball, 56, EV 104.4 MPH) Josh Hamilton to second
|
|
Batting: LHB Brad Pepin
|
0-0: Called Strike 0-1: Foul Ball, location: 2F 0-2: Ball 1-2: Ball 2-2: Strikes out swinging
|
| Top of the 9th over - 1 run, 1 hit, 0 errors, 1 left on base; Baltimore 6 - New York 1 |
| BOTTOM OF THE 9TH |
|
New York Yankees batting - Pitching for Baltimore Orioles : RHP Joon-ho Rhee
|
|
Batting: SHB Billy Durham
|
0-0: Ball 1-0: Ball 2-0: Ball 3-0: Base on Balls
|
|
Batting: LHB Yao-pang Tien
|
0-0: 2-RUN HOME RUN (Flyball, 9D, EV 94.4 MPH), Distance : 375 ft
|
|
Pitching: RHP Errol Dondale
|
|
|
Pinch Hitting: LHB Jim Skare
|
0-0: Swinging Strike 0-1: Ball 1-1: Called Strike 1-2: Strikes out swinging
|
|
Batting: LHB Jason Peck
|
0-0: Foul Ball, location: 2F 0-1: Ball 1-1: Swinging Strike 1-2: Strikes out swinging
|
|
Batting: RHB C.J. Richerson
|
0-0: Ball 1-0: Ball 2-0: Swinging Strike 2-1: Ball 3-1: Swinging Strike 3-2: Strikes out swinging
|
| Bottom of the 9th over - 2 runs, 1 hit, 0 errors, 0 left on base; Baltimore 6 - New York 3 |
|